 Dungeon Crawl Stone Soup version 0.29-a0-330-g52719c12eb (webtiles) character file.

Game seed: 13840410723108808080

357 kae the Spear-Bearer (level 6, -1/44 HPs)
             Began as a Merfolk Gladiator on Apr 20, 2022.
             Slain by an orc priest
             ... wielding a +2 vorpal mace
              (5 damage)
             ... on level 4 of the Dungeon.
             The game lasted 00:03:36 (3663 turns).

kae the Spear-Bearer (Merfolk Gladiator)            Turns: 3663, Time: 00:03:36

Health: -1/44      AC:  4    Str: 16    XL:     6   Next: 64%
Magic:  6/6        EV: 13    Int:  7    God:
Gold:   167        SH:  0    Dex: 16    Spells: 5/5 levels left

rFire   . . .      SeeInvis .   o - +2 spear (freeze)
rCold   . . .      Faith    .   (no shield)
rNeg    . . .      Spirit   .   b - +0 leather armour
rPois   .          Reflect  .   c - +0 helmet
rElec   .          Harm     .   s - scarf {repulsion}
rCorr   .          Rampage  .   (no gloves)
Will    .....                   (no boots)
Stlth   +.........              (no amulet)
HPRegen 0.14/turn               (no ring)
MPRegen 0.10/turn               (no ring)

@: lethally poisoned (-1 -> -7), repel missiles
A: (nimble swimmer 2), mertail
a: no special abilities


You were on level 4 of the Dungeon.
You visited 1 branch of the dungeon, and saw 4 of its levels.

You collected 230 gold pieces.
You spent 63 gold pieces at shops.

Inventory:

Hand Weapons
 a - a +0 trident
 o - a +2 spear of freezing (weapon)
Missiles
 d - 3 throwing nets (quivered)
 e - a javelin
Armour
 b - a +0 leather armour (worn)
 c - a +0 helmet (worn)
 g - a +0 cloak
 s - a scarf of repulsion (worn)
Wands
 k - a wand of iceblast (4)
 p - a wand of flame (12)
 t - a wand of polymorph (2)
Scrolls
 i - 2 scrolls of magic mapping
 j - 3 scrolls of immolation
 l - a scroll of noise
 r - a scroll of identify
Potions
 f - a potion of flight
 h - a potion of resistance
 m - a potion of magic
 n - a potion of invisibility
 q - a potion of ambrosia {unknown}
 u - a potion of attraction {unknown}


   Skills:
 - Level 2.1 Fighting
 + Level 9.5 Polearms
 - Level 2.0 Throwing
 - Level 4.0 Dodging


You had 5 spell levels left.
You didn't know any spells.
Your spell library contained the following spells:

 Spells                   Type           Power      Damage    Failure   Level
 Ensorcelled Hibernation  Hex/Ice        0%         N/A       65%         2
 Passwall                 Tmut/Erth      0%         N/A       65%         2
 Dazzling Flash           Conj/Hex       0%         N/A       86%         3
 Swiftness                Air            0%         N/A       86%         3
 Iskenderun's Mystic Bla  Conj/Tloc      0%         2d3       99%         4
 Starburst                Conj/Fire      0%         6d3       100%        6


Dungeon Overview and Level Annotations

Branches:
Dungeon (4/15)
 Temple: D:4-7

Altars:

Shops:
D:2 [[**:


Innate Abilities, Weirdness & Mutations

((You are very nimble when in or above water. (Stealth+, EV+, Speed+++)))
Your lower body shifts to a powerful aquatic tail in water.


Message History

The orc priest is healed somewhat.
You hit the orc priest. You freeze the orc priest.
The orc priest is moderately wounded.
You feel sick.
The orc priest hits you but does no damage.
You are more poisoned.
The orc priest mumbles some strange prayers to Beogh against you.
Pain shoots through your body!
You are too injured to fight recklessly!
You are too injured to fight recklessly!
You are too injured to fight recklessly!
You are too injured to fight recklessly!
You are too injured to fight recklessly!
You are too injured to fight recklessly!
You are too injured to fight recklessly!
You are too injured to fight recklessly!
You puncture the orc priest! You freeze the orc priest.
You kill the orc priest!
You feel sick.
You feel very sick.
The orc priest hits you but does no damage.
Items here: ( )) [ †.
You hit the orc priest. You freeze the orc priest.
The orc priest is moderately wounded.
You feel sick.
The orc priest hits you with a +2 vorpal mace.
You hit the orc priest but do no damage.
The orc priest is moderately wounded.
You feel sick.
You hit the orc priest. You freeze the orc priest.
The orc priest is heavily wounded.
You feel sick.
The orc priest hits you with a +2 vorpal mace!
* * * LOW HITPOINT WARNING * * *
x2 You hit the orc priest.
You freeze the orc priest.
The orc priest is almost dead.
* * * LOW HITPOINT WARNING * * *
You feel sick.
The orc priest hits you with a +2 vorpal mace.
You die...

##### ##...##
##.....##
##.)#....#
#o@###...###
#.## ##....#
... #.....#
...#. ##.#..##
...$###
####..# ####
.#.# ##.###..#
... #
##......### ..
##.#..###.....
#.....##..†.##


You could see an orc priest.

Vanquished Creatures
  An ogre (D:3)
  A scorpion (D:3)
  An orc priest (D:4)
  Ijyb (D:3)
  An orc wizard (D:3)
  3 gnolls (D:2)
  2 adders (D:2)
  2 worms (D:2)
  A dart slug (D:2)
  4 orcs
  6 ball pythons (D:3)
  A bat (D:1)
  7 endoplasms
  2 giant cockroaches
  7 hobgoblins
  2 quokkas
  4 frilled lizards
  10 goblins
  14 kobolds
  5 rats
75 creatures vanquished.

Notes
Turn   | Place    | Note
-------+----------+-------------------------------------------
     0 | D:1      | kae the Merfolk Gladiator began the quest for the Orb.
     0 | D:1      | Reached XP level 1. HP: 16/16 MP: 1/1
   240 | D:1      | Found a faded altar of an unknown god.
   401 | D:1      | Reached XP level 2. HP: 22/22 MP: 2/2
   463 | D:1      | Reached skill level 5 in Polearms
   638 | D:2      | Reached XP level 3. HP: 15/27 MP: 3/3
   921 | D:2      | Found Syga's Armour Boutique.
   970 | D:2      | Found Mueg's General Store.
   988 | D:2      | Found Rummiqeo's Antique Armour Shop.
  1069 | D:2      | Bought a scroll of identify for 22 gold pieces
  1085 | D:2      | Found Nuce's Assorted Antiques.
  1093 | D:2      | Bought a scroll labelled LIVVASAIRHOST for 22 gold pieces
  1093 | D:2      | Bought a fizzy orange potion for 19 gold pieces
  1253 | D:2      | Found Befet's Book Shoppe.
  1310 | D:2      | Reached skill level 6 in Polearms
  1325 | D:2      | Reached XP level 4. HP: 14/33 MP: 4/4
  1862 | D:2      | Reached skill level 7 in Polearms
  2074 | D:3      | Noticed a scorpion
  2081 | D:3      | Killed a scorpion
  2082 | D:3      | Reached XP level 5. HP: 28/38 MP: 5/5
  2269 | D:3      | Reached skill level 8 in Polearms
  2383 | D:3      | Identified the +12 war axe "Yfeov" {speed, rF+ Str+2}
  2405 | D:3      | Noticed Ijyb
  2909 | D:3      | Killed Ijyb
  2921 | D:3      | Noticed an orc warrior
  3233 | D:3      | Noticed an ogre
  3243 | D:3      | Killed an ogre
  3244 | D:3      | Reached skill level 9 in Polearms
  3244 | D:3      | Reached XP level 6. HP: 44/44 MP: 6/6
  3663 | D:4      | Slain by an orc priest

Illustrated notes

Levels and vault maps discovered:
D:1:      minmay_arrival_cross, layout_rooms, chequers_ecumenical_altar_island
D:2:      minmay_kobold_bridge, layout_loops_ring, serial_shops, shop,
          nicolae_shop_statue_plus, nicolae_shop_overgrown_old_shop, shop_coins,
          shop
D:3:      layout_basic, minmay_divided_ellipse, uniq_ijyb
D:4:      layout_rooms, nicolae_uskayaw_suspiria, serial_curves, eino_curves_01,
          eino_curves_03, gup_sewer_entry_bubbles,
          minmay_shop_enchanted_jewellery, minmay_fractal_squares_gapless_5,
          uniq_crazy_yiuf_cottage

Skill      XL: |  1  2  3  4  5 |
---------------+----------------+-----
Polearms       | 5 6 7 9 |  9.5
Fighting       | |  2.1
Throwing       | |  2.0
Dodging        | |  4.0

Action                   |  1- 3 |  4- 6 || total
-------------------------+-------+-------++-------
Melee: Trident           |    98 |    25 ||   123
       Punch             |     1 |     1 ||     2
       Spear             |       |   101 ||   101
  Use: Scroll            |     3 |     5 ||     8
       Potion            |     1 |     4 ||     5
 Stab: Sleeping          |     1 |     2 ||     3
       Distracted        |     1 |     1 ||     2
Armor: Leather armour    |    20 |    13 ||    33
Dodge: Dodged            |    57 |    38 ||    95

Table legend: (Time is in decaauts)
 A = Elapsed time spent in this place.
 B = Non-inter-level travel time spent in this place.
 C = Inter-level travel time spent in this place.
 D = Time resting spent in this place.
 E = Time spent auto-exploring this place.
 F = Levels seen in this place.
 G = Mean time per level.
                   A        B        C        D        E       F      G
               +--------+--------+--------+--------+--------+-----+--------+
         Total |   3625 |   3537 |     88 |    347 |   2559 |   4 |  906.2 |
       Dungeon |   3625 |   3537 |     88 |    347 |   2559 |   4 |  906.2 |
               +--------+--------+--------+--------+--------+-----+--------+

Top non-repeatable levels by time:
     D:2: 1470 daAuts
     D:3: 1464 daAuts
     D:1: 618 daAuts
     D:4: 72 daAuts
